 Dungeon Crawl Stone Soup version 0.30.0-20-g3615ddf2f0 (webtiles) character file.

Game seed: 4681481783664866265

63 qw the Chopper (level 4, -3/28 HPs)
             Began as a Gargoyle Fighter on May 29, 2023.
             Killed from afar by Terence (7 damage)
             ... with a puff of flame
             ... on level 2 of the Dungeon.
             The game lasted 00:00:50 (1082 turns).

qw the Chopper (Gargoyle Fighter)                   Turns: 1082, Time: 00:00:51

Health: -3/28      AC: 10    Str: 21    XL:     4   Next: 10%
Magic:  4/4        EV:  9    Int:  9    God:
Gold:   91         SH:  4    Dex:  9    Spells: 3/3 levels left

rFire   . . .        Y - +0 war axe
rCold   . . .        c - +0 buckler
rNeg    + . .        b - +0 scale mail
rPois   inf          (no helmet)
rElec   +            (no cloak)
rCorr   .            (no gloves)
SInv    .            (no boots)
Will    .....        (no amulet) Stlth
                     (no ring)
HPRegen 0.24/turn    (no ring)
MPRegen 0.09/turn

%: no passive effects
@: no status effects
A: sickness immunity, AC +3, negative energy resistance 1, electricity
resistance, torment resistance 1, petrification resistance
a: no special abilities


You were on level 2 of the Dungeon.
You visited 1 branch of the dungeon, and saw 2 of its levels.

You collected 91 gold pieces.


Innate Abilities, Weirdness & Mutations

You are immune to sickness and miasma.
Your stone body is resilient. (AC +3)
You are immune to poison.
You resist negative energy. (rN+)
You are resistant to electric shocks. (rElec)
You are resistant to unholy torment.
You are immune to petrification.


   Skills:
 - Level 3.2 Fighting
 + Level 3.9 Axes
 - Level 3.2 Armour
 - Level 3.2 Shields


You had 3 spell levels left.
You didn't know any spells.
Your spell library was empty.

Inventory:

Hand Weapons
 f - a +0 whip
 Y - a +0 war axe (weapon)
Armour
 b - a +0 scale mail (worn)
 c - a +0 buckler (worn)
 k - a +2 cloak
Scrolls
 a - a scroll of enchant armour
 g - a scroll of noise {unknown}
 i - a scroll of teleportation {unknown}
 l - a scroll of fear {unknown}
Potions
 d - 2 potions of might
 e - 2 potions of attraction
 h - 2 potions of curing {unknown}
 j - a potion of mutation {unknown}
 m - a potion of lignification {unknown}
 n - a potion of haste {unknown}

Dungeon Overview and Level Annotations

Branches:
Dungeon (2/15)

Altars:

Annotations:
D:2 Terence


Message History

Enter note:
Enter note:
Enter note: Terence shouts, "Get ready for death!"
Enter note:
Enter note:
Enter note:
Enter note:
Enter note:
Enter note:
Enter note:
Enter note:
Enter note: Terence hits you with a +1 vampiric hand axe.
Enter note:
Enter note:
Enter note:
Enter note:
Enter note:
Enter note:
Enter note:
Enter note:
Enter note: You hit Terence.
Terence is lightly wounded.
Terence hits you with a +1 vampiric hand axe.
Terence zaps a wand.
The puff of flame hits you!
You slash Terence!
Terence is heavily wounded.
You block Terence's attack.
You slash Terence!
Terence is almost dead.
Terence hits you with a +1 vampiric hand axe.
You barely miss Terence.
Terence is almost dead.
Terence hits you with a +1 vampiric hand axe!
You barely miss Terence.
Terence is almost dead.
Terence zaps a wand.
The puff of flame hits you!
You die...

. ######## ..# #......##
....###........
#...#........
#..@......# #@.....# .
###......## ..
####.........#
...##....#........
####.........###%.....##
.....#................#
..............#####...#
......#.#...#..# ##...
..(....^#...#..# ### #


You could see Terence.

Vanquished Creatures
  An adder (D:2)
  2 dart slugs (D:1)
  6 endoplasms (D:1)
  4 hobgoblins (D:1)
  8 jackals
  A quokka (D:1)
  3 ball pythons
  7 bats
  4 frilled lizards
  4 goblins
  4 kobolds
  4 rats (D:1)
48 creatures vanquished.

Notes
Turn   | Place    | Note
-------+----------+-------------------------------------------
     0 | D:1      | qw the Gargoyle Fighter began the quest for the Orb.
     0 | D:1      | Reached XP level 1. HP: 14/14 MP: 1/1
     0 | D:1      | 0 ||| qw: Version: 0.2-a-102-g2b76a06
     0 | D:1      | 0 ||| qw: Game counter: 459
     0 | D:1      | 0 ||| qw: Always use a shield: true
     0 | D:1      | 0 ||| qw: God list: Okawaru
     0 | D:1      | 0 ||| qw: Allow faded altars: false
     0 | D:1      | 0 ||| qw: Do Orc after D:15 true
     0 | D:1      | 0 ||| qw: Do second Lair branch before Depths: true
     0 | D:1      | 0 ||| qw: Lair rune preference: random
     0 | D:1      | 0 ||| qw: Plans: Normal, Zot:1-4, Slime:5, God:TSO, Crypt,
                  | Tomb, Pan, Hells, Abyss, Win
     0 | D:1      | 0 ||| PLANNING D:1-11
    56 | D:1      | HP: 1/14 [frozen (5)]
   132 | D:1      | Reached XP level 2. HP: 19/19 MP: 2/2
   188 | D:1      | 188 ||| Stepping ~*~*~tactically~*~*~ (hiding).
   194 | D:1      | 194 ||| Stepping ~*~*~tactically~*~*~ (stealth).
   239 | D:1      | Reached skill level 3 in Axes
   293 | D:1      | Found a faded altar of an unknown god.
   313 | D:1      | Reached XP level 3. HP: 17/23 MP: 3/3
   477 | D:1      | 477 ||| READING 2 scrolls labelled SEUHEON VYBOIKK.
   493 | D:1      | 493 ||| Stepping ~*~*~tactically~*~*~ (stealth).
   628 | D:1      | 628 ||| Stepping ~*~*~tactically~*~*~ (hiding).
   782 | D:1      | 782 ||| READING scroll labelled HEUZO FAEX.
   783 | D:1      | 783 ||| DRINKING 3 black potions.
   923 | D:2      | 923 ||| Stepping ~*~*~tactically~*~*~ (hiding).
   925 | D:2      | 925 ||| Stepping ~*~*~tactically~*~*~ (hiding).
   926 | D:2      | 926 ||| Stepping ~*~*~tactically~*~*~ (hiding).
   928 | D:2      | 928 ||| Stepping ~*~*~tactically~*~*~ (hiding).
   929 | D:2      | 929 ||| Stepping ~*~*~tactically~*~*~ (hiding).
   955 | D:2      | 955 ||| Stepping ~*~*~tactically~*~*~ (stealth).
   968 | D:2      | 968 ||| Stepping ~*~*~tactically~*~*~ (stealth).
  1067 | D:2      | Reached XP level 4. HP: 26/28 MP: 4/4
  1074 | D:2      | Noticed Terence
  1081 | D:2      | HP: 3/28 [Terence/+1 vampiric hand axe (7)]
  1082 | D:2      | Killed from afar by Terence

Levels and vault maps discovered:
D:1:      lightli_arrival_chessboard, layout_rooms,
          shapermc_ecumenical_altar_totnotflames, serial_aquarium,
          aquarium_bridge_square [aquarium_subvault_window,
          aquarium_subvault_bridge, aquarium_subvault_window,
          aquarium_subvault_balcony], aquarium_window_2, aquarium_window_fake,
          aquarium_window_fake, aquarium_view_2d, aquarium_balcony_double_4,
          nicolae_concentric_dashed_squares_wild
D:2:      layout_rooms, uniq_terence

Skill      XL: |  1  2 |
---------------+-------+-----
Axes           | 2 3 |  3.9
Fighting       | |  3.2
Armour         | |  3.2
Shields        | |  3.2

Action                     |  1- 3 |  4- 6 || total
---------------------------+-------+-------++-------
  Melee: War axe           |   139 |     5 ||   144
    Use: Scroll            |     2 |       ||     2
         Potion            |     1 |       ||     1
 Armour: Scale mail        |    76 |       ||    76
  Dodge: Dodged            |    65 |       ||    65
  Block: Buckler           |    27 |     1 ||    28

Table legend:
 A = Non-vault XP
 B = Vault XP
 C = Vault XP percentage of total XP
 D = Non-vault monster count
 E = Vault monster count
 F = Vault count percentage of total count
                 A         B        C        D         E       F
            +---------+---------+-------+---------+---------+-------
      Total |      91 |       0 |   0.0 |      48 |       0 |   0.0
            +---------+---------+-------+---------+---------+-------
        D:1 |      58 |       0 |   0.0 |      34 |       0 |   0.0
        D:2 |      33 |       0 |   0.0 |      14 |       0 |   0.0
            +---------+---------+-------+---------+---------+-------
